 Dungeon Crawl Stone Soup version 0.23.2 (webtiles) character file.

Game seed: 2308589596974896556

14428 Borgoz the Protected (level 12, -3/76 HPs)
             Began as a Gargoyle Fighter on Apr 1, 2019.
             Was a Follower of Ashenzari.
             Slain by a wolf spider simulacrum (5 damage)
             ... on level 11 of the Dungeon.
             The game lasted 00:30:56 (13293 turns).

Borgoz the Protected (Gargoyle Fighter)            Turns: 13293, Time: 00:30:57

Health: -3/76      AC: 21    Str: 25    XL:     12   Next: 16%
Magic:  0/15       EV: 15    Int:  9    God:    Ashenzari [*.....]
Gold:   250        SH:  0    Dex: 17    Spells: 11/11 levels left

rFire    + . .     SeeInvis .   u - +1 short sword (drain)
rCold    . . .     Gourm    .   (no shield)
rNeg     + . .     Faith    .   j - +2 scale mail {rF+}
rPois    ∞         Spirit   +   (no helmet)
rElec    +         Reflect  .   (no cloak)
rCorr    .         Harm     .   (no gloves)
MR       .....                  l - +0 pair of boots (curse)
Stlth    +++.......             m - amulet of guardian spirit
HPRegen  0.22/turn              r - +4 ring of dexterity
MPRegen  0.14/turn              q - +4 ring of strength

@: studying 2 skills
A: negative energy resistance 1, electricity resistance, unbreathing,
petrification resistance, rot immunity, AC +8
a: Curse Item, Scrying, Renounce Religion


You were on level 11 of the Dungeon.
You worshipped Ashenzari.
Ashenzari was aware of your devotion.
You were not hungry.

You visited 3 branches of the dungeon, and saw 13 of its levels.
You also visited: Bailey.

You collected 713 gold pieces.
You spent 463 gold pieces at shops.

Inventory:

Hand Weapons
 u - a +1 short sword of draining (weapon)
Missiles
 a - 3 tomahawks
 J - 2 throwing nets (quivered)
Armour
 j - a +2 scale mail of fire resistance (worn)
 l - a cursed +0 pair of boots (worn)
Jewellery
 b - an uncursed ring of protection from cold
 h - an uncursed amulet of magic regeneration
 m - an amulet of guardian spirit (around neck)
 q - a +4 ring of strength (right hand)
 r - a +4 ring of dexterity (left hand)
 y - an uncursed ring of wizardry
Wands
 e - a wand of clouds (5)
 t - a wand of digging (18)
 v - a wand of paralysis (7)
 z - a wand of acid (4)
 I - a wand of iceblast (9)
Scrolls
 g - 3 scrolls of magic mapping
 i - a scroll of fear
 k - a scroll of enchant armour {unknown}
 o - 5 scrolls of teleportation
 x - 4 scrolls of enchant weapon
 E - 5 scrolls of remove curse
 L - 4 scrolls of identify
Potions
 d - a potion of flight
 n - 3 potions of curing
 w - 2 potions of magic
 B - a potion of heal wounds
 D - a potion of cancellation
Books
 F - a manual of Shields
 G - a manual of Armour
Comestibles
 c - 2 chunks of flesh
 f - 13 rations


   Skills:
 + Level 9.2 Fighting
 * Level 8.3 Short Blades
 + Level 10.1 Armour
 * Level 7.3 Dodging
 + Level 9.3 Stealth
 + Level 6.3 Shields
 + Level 4.5 Evocations


You had 11 spell levels left.
You didn't know any spells.
Your spell library contained the following spells:

 Spells                   Type           Power        Failure   Level  Hunger
 Corona                   Hex            #......      63%         1    ##.....
 Freeze                   Ice            #...         63%         1    ##.....
 Slow                     Hex            #.......     77%         2    ###....
 Throw Frost              Conj/Ice       #.....       77%         2    ###....
 Inner Flame              Hex/Fire       #.......     94%         3    ####...
 Ozocubu's Armour         Chrm/Ice       #.......     94%         3    ####...
 Portal Projectile        Hex/Tloc       #.....       94%         3    ####...
 Cause Fear               Hex            #.........   100%        4    #####..
 Leda's Liquefaction      Hex/Erth       #.........   100%        4    #####..
 Summon Ice Beast         Ice/Summ       #.......     100%        4    #####..
 Throw Icicle             Conj/Ice       #.......     100%        4    #####..


Dungeon Overview and Level Annotations

Branches:
Dungeon (11/15)            Temple (1/1) D:6            Lair (1/6) D:8
    Orc: D:9-12

Altars:
Ashenzari
Cheibriados
Dithmenos
Elyvilon
Fedhas
Gozag
Hepliaklqana
Kikubaaqudgha
Makhleb
Nemelex Xobeh
Okawaru
Qazlal
Ru
Sif Muna
Trog
Uskayaw
Vehumet
Wu Jian
Xom
Yredelemnul
Zin
The Shining One

Shops:
D:6 (   D:8 [

Annotations:
Lair:1 1 runed translucent door, whitenoisemaker's ghost, novice DrCj


Innate Abilities, Weirdness & Mutations

You are resistant to torment.
Your stone body is resilient. (AC +8)
You are immune to poison.
You resist negative energy. (rN+)
You are resistant to electric shocks. (rElec)
You can survive without breathing.
You are immune to petrification.
You are immune to rotting.


Message History

You are too injured to fight recklessly!
You are too injured to fight recklessly!
You are too injured to fight recklessly!
You are too injured to fight recklessly!
You are too injured to fight recklessly!
You are too injured to fight recklessly!
You are too injured to fight recklessly!
You are too injured to fight recklessly!
You are too injured to fight recklessly!
You are too injured to fight recklessly!
Unknown command.
You hit the wolf spider simulacrum.
The wolf spider simulacrum is heavily damaged.
You hit the wolf spider simulacrum.
The wolf spider simulacrum is severely damaged.
The wolf spider simulacrum hits you.
The wolf spider simulacrum freezes you!!
* * * LOW HITPOINT WARNING * * *
The wolf spider simulacrum bites you.
You die...

######.# ######.[....# .
............# ..
####......# #. ####.#.#
#.F #.#.###.#. #...{
#.........
##...Y###########.###.##
....YYZ@...........#
##..Y############### #.


You could see 4 yaks, a bullfrog and a wolf spider simulacrum.

Vanquished Creatures
  Harold (Lair:1)
  2 two-headed ogres
  2 unseen horrors
  An orc knight (Bailey)
  A black mamba (Lair:1)
  The ghost of cklessthan3 the Stinger, a novice GnWn of Xom (D:6)
  A polar bear (D:10)
  A hippogriff (Lair:1)
  3 slime creatures (D:10)
  A spriggan (D:8)
  A wyvern (D:8)
  7 yaks
  A hungry ghost (D:9)
  3 water moccasins
  8 ice beasts
  A sky beast (D:6)
  13 orc warriors
  2 phantoms
  8 centaurs
  5 wolves (D:10)
  5 ogres
  2 crocodiles (Lair:1)
  Blork the orc (D:4)
  3 big kobolds
  6 bullfrogs
  A wyvern zombie (D:10)
  A wyvern skeleton (D:10)
  2 scorpions
  3 killer bees (D:11)
  2 electric eels (D:10)
  5 wights (D:8)
  2 howler monkeys (D:8)
  3 crimson imps
  4 centaur zombies
  5 quasits
  A bullfrog zombie (D:5)
  2 centaur skeletons
  4 hounds
  3 jellies
  A bullfrog skeleton (D:5)
  8 orc priests
  11 orc wizards
  3 iguanas
  6 worker ants
  Ijyb (D:3)
  A centaur simulacrum (D:10)
  2 hound skeletons
  15 adders
  A shadow imp (D:8)
  A white imp (D:10)
  A howler monkey simulacrum (D:10)
  An ufetubus (D:10)
  2 oozes
  8 worms
  2 dart slugs
  An adder simulacrum (D:10)
  8 leopard geckos
  63 orcs
  7 bats
  8 giant cockroaches
  12 goblins
  11 hobgoblins
  15 jackals
  2 quokkas
  3 ball pythons
  A ball python zombie (D:2)
  9 frilled lizards
  11 kobolds
  A quokka skeleton (D:6)
  3 rats (D:1)
337 creatures vanquished.

Vanquished Creatures (others)
  An orc wizard (D:7)
  An orc (D:10)
  A fungus (Lair:1)
  A plant (Lair:1)
4 creatures vanquished.

Grand Total: 341 creatures vanquished

Notes
Turn   | Place    | Note
-------+----------+-------------------------------------------
     0 | D:1      | Borgoz the Gargoyle Fighter began the quest for the Orb.
     0 | D:1      | Reached XP level 1. HP: 14/14 MP: 1/1
    54 | D:1      | Reached XP level 2. HP: 9/19 MP: 2/2
   598 | D:1      | Reached skill level 1 in Stealth
   724 | D:1      | Reached XP level 3. HP: 23/23 MP: 3/3
  1073 | D:2      | Reached skill level 1 in Dodging
  1147 | D:2      | Found a sacrificial altar of Ru.
  1271 | D:2      | Reached XP level 4. HP: 20/29 MP: 4/4
  2069 | D:3      | Noticed Ijyb
  2081 | D:3      | Killed Ijyb
  2081 | D:3      | Reached skill level 4 in Armour
  2081 | D:3      | Reached XP level 5. HP: 32/33 MP: 3/5
  2413 | D:3      | Reached XP level 6. HP: 32/39 MP: 6/6
  3123 | D:4      | Reached XP level 7. HP: 10/44 MP: 4/7
  3584 | D:4      | Noticed Blork the orc
  3603 | D:4      | Killed Blork the orc
  3603 | D:4      | Reached skill level 5 in Armour
  4017 | D:5      | Entered Level 5 of the Dungeon
  4065 | D:5      | Reached skill level 5 in Fighting
  4527 | D:5      | Reached XP level 8. HP: 45/49 MP: 6/8
  4819 | D:5      | Found a burning altar of Makhleb.
  4977 | D:5      | Reached skill level 6 in Armour
  4977 | D:5      | Reached skill level 5 in Stealth
  5447 | D:6      | Found a transporter.
  5474 | D:6      | Found a staircase to the Ecumenical Temple.
  5527 | Temple   | Entered the Ecumenical Temple
  5740 | D:6      | Reached XP level 9. HP: 47/56 MP: 7/9
  5775 | D:6      | Reached skill level 5 in Short Blades
  5800 | D:6      | Found a transporter.
  5847 | D:6      | You fall through a shaft!
  6180 | D:6      | Noticed cklessthan3's ghost (novice GnWn)
  6307 | D:6      | Found Bidusott's Antique Weapon Boutique.
  6310 | D:6      | Bought a glowing short sword for 150 gold pieces
  6578 | D:6      | Reached skill level 7 in Armour
  6699 | D:6      | Killed cklessthan3's ghost
  7898 | D:8      | Found Poyvvuyz's Antique Armour Shop.
  8095 | D:8      | Reached XP level 10. HP: 47/63 MP: 7/10
  8103 | D:8      | Reached skill level 1 in Evocations
  8146 | D:8      | Reached skill level 5 in Dodging
  8417 | D:8      | Noticed a two-headed ogre
  8434 | D:8      | Killed a two-headed ogre
  8460 | D:8      | Reached skill level 8 in Armour
  8769 | D:8      | Found a shattered altar of Ashenzari.
  8775 | D:8      | Became a worshipper of Ashenzari the Shackled
  8936 | D:8      | Found a staircase to the Lair.
  8980 | D:9      | Found a shimmering altar of Xom.
  8982 | D:9      | Found a shimmering altar of Xom.
  8983 | D:9      | Found a shimmering altar of Xom.
  8984 | D:9      | Found a shimmering altar of Xom.
  8986 | D:9      | Found a shimmering altar of Xom.
  8986 | D:9      | Found a shimmering altar of Xom.
  9018 | D:9      | Found a shimmering altar of Xom.
  9181 | D:9      | Found a flagged portal.
  9207 | Bailey   | Entered a bailey
  9381 | Bailey   | Noticed an orc knight
  9474 | Bailey   | Killed an orc knight
  9758 | Bailey   | Reached XP level 11. HP: 65/69 MP: 11/13
 10327 | D:9      | Found a white marble altar of Elyvilon.
 10328 | D:9      | Found an iron altar of Okawaru.
 10408 | D:10     | Entered Level 10 of the Dungeon
 10408 | D:10     | Reached * piety under Ashenzari
 10801 | D:10     | Reached skill level 9 in Armour
 10825 | D:10     | Noticed a two-headed ogre
 10866 | D:10     | Killed a two-headed ogre
 11209 | D:8      | Bought a pair of faintly glowing boots for 313 gold pieces
 11209 | D:8      | Identified the cursed +0 pair of boots of Miracles {rPois
                  | Int+3} (You bought it in a shop on level 8 of the Dungeon)
 11287 | Lair:1   | Entered Level 1 of the Lair of Beasts
 11432 | Lair:1   | Noticed Harold
 11450 | Lair:1   | Killed Harold
 11450 | Lair:1   | Reached skill level 5 in Shields
 11701 | Lair:1   | Found a runed translucent door.
 11701 | Lair:1   | Noticed whitenoisemaker's ghost (novice DrCj)
 12436 | D:10     | Killed an unseen horror
 12436 | D:10     | Reached XP level 12. HP: 44/76 MP: 10/15
 13085 | D:11     | Reached skill level 10 in Armour
 13293 | D:11     | HP: 2/76 [wolf spider simulacrum (27)]
 13293 | D:11     | Slain by a wolf spider simulacrum

Skill      XL: |  1  2  3  4  5  6  7  8  9 10 11 12 |
---------------+-------------------------------------+-----
Short Blades   | 2 3 4 5 6 8 |  8.3
Stealth        | 1 2 3 4 5 7 8 9 |  9.3
Dodging        | 1 2 3 4 6 7 |  7.3
Fighting       | 4 5 6 7 8 9 |  9.2
Armour         | 4 5 6 7 8 9 10 | 10.1
Evocations     | 3 4 |  4.5
Shields        | 5 6 |  6.3

Action                   |  1- 3 |  4- 6 |  7- 9 | 10-12 || total
-------------------------+-------+-------+-------+-------++-------
Melee: Rapier            |   128 |   281 |   686 |       ||  1095
       Short sword       |       |       |    70 |   967 ||  1037
Evoke: Wand              |       |       |     2 |    40 ||    42
  Use: Scroll            |       |     6 |     3 |     3 ||    12
       Potion            |       |       |    12 |     1 ||    13
 Stab: Sleeping          |       |       |     3 |     9 ||    12
       Paralysed         |       |       |       |     1 ||     1
  Eat: Chunk             |     1 |     6 |    13 |    20 ||    40
       Ration            |       |       |     1 |       ||     1
Armor: Scale mail        |    89 |   152 |   467 |   400 ||  1108
       Skin              |       |       |   120 |       ||   120
Dodge: Dodged            |    85 |   187 |   442 |   601 ||  1315
Block: Shield            |     4 |       |       |       ||     4
